 Dungeon Crawl Stone Soup version 0.31-a0-175-g9f7f995f2b (webtiles) character file.

Game seed: 36390126701936787

106 qw the Shooter (level 4, 0/42 HPs)
             Began as a Naga Hunter on June 16, 2023.
             Slain by a water moccasin (8 damage)
             ... on level 3 of the Dungeon.
             The game lasted 00:00:28 (1551 turns).

qw the Shooter (Naga Hunter)                        Turns: 1551, Time: 00:00:28

Health: 0/42       AC:  4    Str: 14    XL:     4   Next: 84%
Magic:  4/4        EV:  9    Int: 14    God:
Gold:   105        SH:  0    Dex: 16    Spells: 3/3 levels left

rFire   . . .        Y - +0 shortbow
rCold   + . .        (shield currently unavailable)
rNeg    + . .        c - +0 leather armour
rPois   +            (no helmet)
rElec   .            g - +1 cloak
rCorr   .            (no gloves)
SInv    +            (no barding)
Will    .....        (no amulet)
Stlth   +++          b - ring of Yendor {*Slow rC+ rN+ Int+5 Stlth+}
HPRegen 0.27/turn    (no ring)
MPRegen 0.09/turn

%: slow self (1%)
@: lethally poisoned (0 -> -14), short of breath, very slow
A: AC +1, large, see invisible, deformed body, poison resistance, slowness 2,
spit poison 1, naga tail 1
a: Spit Poison


You were on level 3 of the Dungeon.
You visited 1 branch of the dungeon, and saw 3 of its levels.

You collected 105 gold pieces.


Innate Abilities, Weirdness & Mutations

Your serpentine skin is tough. (AC +1)
You have supernaturally acute eyesight. (SInv)
Armour fits poorly on your strangely shaped body.
Your system is resistant to poisons. (rPois)
You cover ground very slowly.
You can spit poison.
You have a snake-like lower body.


   Skills:
 - Level 3.0 Fighting
 + Level 5.0 Ranged Weapons
 - Level 1.5 Dodging
 - Level 1.5 Stealth


You had 3 spell levels left.
You didn't know any spells.
Your spell library was empty.

Inventory:

Hand Weapons
 Y - a +0 shortbow (weapon)
Armour
 c - a +0 leather armour (worn)
 g - a +1 cloak (worn)
Jewellery
 a - a ring of flight
 b - the ring of Yendor (left hand) {*Slow rC+ rN+ Int+5 Stlth+}
   (You found it on level 2 of the Dungeon)

   [ring of protection from cold]

   Int:       It affects your intelligence (+5).
   rC:        It protects you from cold.
   rN:        It protects you from negative energy.
   *Slow:     It may slow you when you take damage.
   Stlth:     It makes you more stealthy.
Scrolls
 h - 2 scrolls of identify
Potions
 e - a potion of invisibility {unknown}
 f - a potion of brilliance {unknown}
 i - a potion of resistance {unknown}

Dungeon Overview and Level Annotations

Branches:
Dungeon (3/15)

Altars:


Message History

a +0 club; a goblin corpse A water moccasin comes into view.
You shoot an arrow.
The arrow hits the water moccasin but does no damage.
The water moccasin hisses angrily.
You shoot an arrow. The arrow hits the water moccasin.
The water moccasin is moderately wounded.
An adder comes into view.
You shoot an arrow.
The arrow barely misses the water moccasin.
The water moccasin bites you.
1547 ||| INVOKING Spit Poison.
Aiming: Spit Poison (1% risk of failure)
Press: ? - help, Shift-Dir - straight line, f - adder, p - water moccasin The splash of poison hits the adder.
The adder is poisoned.
The adder is moderately wounded.
The water moccasin closely misses you. The adder bites you.
You shoot an arrow.
The arrow hits the water moccasin but does no damage.
The water moccasin is moderately wounded.
The water moccasin misses you. The adder bites you.
The water moccasin bites you!
You are poisoned.
The water moccasin poisons you!
You shoot an arrow. The arrow hits the adder!
You kill the adder!
You feel very sick.
The water moccasin bites you but does no damage.
Your Fighting skill increases to level 3!
You shoot an arrow.
The arrow closely misses the water moccasin.
You feel very sick. The water moccasin bites you.
You are lethally poisoned!
The water moccasin poisons you! The water moccasin bites you.
You shoot an arrow.
The arrow barely misses the water moccasin.
You feel very sick. The water moccasin bites you!
You die...

## #.#
############.#
#####...........##
##..............@S#
...)...##########..#
##.##### ..# #.# ..#
#.# ... #.# .### #.#
.# ##.# .# ...#


You could see a water moccasin.

Vanquished Creatures
  3 adders
  4 gnolls (D:3)
  A worm (D:2)
  2 dart slugs (D:2)
  4 endoplasms
  3 giant cockroaches
  3 goblins
  3 hobgoblins
  A quokka (D:2)
  2 ball pythons
  2 bats
  3 kobolds (D:1)
  3 rats
34 creatures vanquished.

Notes
Turn   | Place    | Note
-------+----------+-------------------------------------------
     0 | D:1      | qw the Naga Hunter began the quest for the Orb.
     0 | D:1      | Reached XP level 1. HP: 19/19 MP: 1/1
     0 | D:1      | 0 ||| qw: Version: 0.2-a-29-g511e9b1
     0 | D:1      | 0 ||| qw: Game counter: 5846
     0 | D:1      | 0 ||| qw: Always use a shield: true
     0 | D:1      | 0 ||| qw: God list: Okawaru
     0 | D:1      | 0 ||| qw: Allow faded altars: false
     0 | D:1      | 0 ||| qw: Do Orc after D:15 true
     0 | D:1      | 0 ||| qw: Do second Lair branch before Depths: true
     0 | D:1      | 0 ||| qw: Lair rune preference: random
     0 | D:1      | 0 ||| qw: Plans: Normal
     0 | D:1      | 0 ||| PLANNING D:1-11
    14 | D:1      | 14 ||| INVOKING Spit Poison.
    39 | D:1      | You fall into a shaft and drop 1 floor!
    45 | D:2      | 45 ||| DROPPING scroll of butterflies.
    53 | D:2      | 53 ||| STAIRDANCE
    62 | D:1      | 62 ||| INVOKING Spit Poison.
    94 | D:1      | 94 ||| INVOKING Spit Poison.
    98 | D:1      | 98 ||| INVOKING Spit Poison.
   101 | D:1      | Reached skill level 4 in Ranged Weapons
   101 | D:1      | Reached XP level 2. HP: 21/26 MP: 2/2
   189 | D:1      | 189 ||| INVOKING Spit Poison.
   508 | D:1      | 508 ||| INVOKING Spit Poison.
   509 | D:1      | 509 ||| INVOKING Spit Poison.
   513 | D:1      | 513 ||| INVOKING Spit Poison.
   710 | D:1      | 710 ||| UPGRADING to +0 cloak.
   715 | D:1      | 715 ||| READING scroll labelled JUSITE QOYK.
   719 | D:1      | 719 ||| READING scroll labelled COJOAC RY MITYGU.
   720 | D:1      | 720 ||| READING scroll labelled LOISOE HOFYBRU.
   903 | D:2      | Identified the ring of Yendor {*Slow rC+ rN+ Int+5 Stlth+}
   917 | D:2      | 917 ||| INVOKING Spit Poison.
   922 | D:2      | 922 ||| INVOKING Spit Poison.
  1031 | D:2      | 1031 ||| INVOKING Spit Poison.
  1032 | D:2      | 1032 ||| INVOKING Spit Poison.
  1033 | D:2      | Reached XP level 3. HP: 32/32 MP: 3/3
  1138 | D:2      | 1138 ||| INVOKING Spit Poison.
  1185 | D:2      | 1185 ||| INVOKING Spit Poison.
  1220 | D:2      | 1220 ||| INVOKING Spit Poison.
  1223 | D:2      | 1223 ||| INVOKING Spit Poison.
  1293 | D:2      | Found a faded altar of an unknown god.
  1323 | D:2      | 1323 ||| INVOKING Spit Poison.
  1332 | D:2      | 1332 ||| UPGRADING to ring of Yendor {*Slow rC+ rN+ Int+5
                  | Stlth+}.
  1333 | D:2      | 1333 ||| READING scroll labelled XOIRAE SOLITHU.
  1334 | D:2      | 1334 ||| READING 2 scrolls labelled CADEIB HECE.
  1335 | D:2      | 1335 ||| READING scroll of enchant armour.
  1335 | D:2      | 1335 ||| ENCHANTING +0 cloak.
  1369 | D:2      | 1369 ||| INVOKING Spit Poison.
  1419 | D:3      | 1419 ||| INVOKING Spit Poison.
  1423 | D:3      | 1423 ||| INVOKING Spit Poison.
  1426 | D:3      | Reached skill level 5 in Ranged Weapons
  1426 | D:3      | Reached XP level 4. HP: 39/39 MP: 4/4
  1427 | D:3      | 1427 ||| INVOKING Spit Poison.
  1447 | D:3      | 1447 ||| INVOKING Spit Poison.
  1450 | D:3      | 1450 ||| INVOKING Spit Poison.
  1455 | D:3      | 1455 ||| INVOKING Spit Poison.
  1498 | D:3      | 1498 ||| INVOKING Spit Poison.
  1527 | D:3      | 1527 ||| INVOKING Spit Poison.
  1543 | D:3      | Noticed a water moccasin
  1547 | D:3      | 1547 ||| INVOKING Spit Poison.
  1550 | D:3      | Reached skill level 3 in Fighting
  1551 | D:3      | HP: 8/42 [poisoned by a water moccasin]
  1551 | D:3      | Slain by a water moccasin

Levels and vault maps discovered:
D:1:      dpeg_arrival_arbitrary_a, layout_loops_ring, serial_park_tiny_pond
D:2:      layout_loops_ring, shapermc_ecumenical_altar_acropolis
D:3:      layout_loops_ring, nicolae_hepliaklqana_monster_ancestors,
          serial_shops, nicolae_shop_peninsula, shop,
          nicolae_shop_real_fake_doors, shop, nicolae_shop_tiny_real_fake_doors,
          kennysheep_generic_room_8

Skill      XL: |  1  2  3  4 |
---------------+-------------+-----
Ranged Weapons | 4 5 |  5.0
Fighting       | 3 |  3.0
Dodging        | |  1.5
Stealth        | |  1.5

Action                     |  1- 3 |  4- 6 || total
---------------------------+-------+-------++-------
   Fire: Shortbow          |    46 |    20 ||    66
Ability: Spit Poison       |    18 |     7 ||    25
    Use: Scroll            |     6 |       ||     6
 Armour: Leather armour    |     5 |     3 ||     8
  Dodge: Dodged            |     6 |     6 ||    12

Table legend:
 A = Non-vault XP
 B = Vault XP
 C = Vault XP percentage of total XP
 D = Non-vault monster count
 E = Vault monster count
 F = Vault count percentage of total count
                 A         B        C        D         E       F
            +---------+---------+-------+---------+---------+-------
      Total |     152 |       0 |   0.0 |      34 |       0 |   0.0
            +---------+---------+-------+---------+---------+-------
        D:1 |      22 |       0 |   0.0 |      13 |       0 |   0.0
        D:2 |      48 |       0 |   0.0 |      10 |       0 |   0.0
        D:3 |      82 |       0 |   0.0 |      11 |       0 |   0.0
            +---------+---------+-------+---------+---------+-------
